 Dungeon Crawl Stone Soup version 0.30-a0-571-gdf30a72648 (webtiles) character file.

Game seed: 10450516976830981453

63146 Newt the Cruncher (level 15, 0/105 HPs)
             Began as a Kobold Hunter on Dec 29, 2022.
             Was the Champion of Wu Jian.
             Slain by a death yak (13 damage)
             ... on level 5 of the Lair of Beasts.
             The game lasted 00:26:13 (16794 turns).

Newt the Cruncher (Kobold Hunter)                  Turns: 16794, Time: 00:26:15

Health: 0/105      AC: 41    Str: 21    XL:     15   Next: 49%
Magic:  0/15       EV:  9    Int: 12    God:    Wu Jian [******]
Gold:   944        SH:  0    Dex: 22    Spells: 14/14 levels left

rFire   + . .      SeeInvis .    a - +2 lajatang (spect)
rCold   x x .      Faith    .    (shield currently unavailable)
rNeg    . . .      Spirit   +    g - +15 crystal plate armour of the Untouchables {rPois rC- Str+6}
rPois   +          Reflect  .    r - +1 hat {Will+}
rElec   .          Harm     .    (no cloak)
rCorr   .          Rampage  .    u - +1 pair of gloves
Will    +++..      Clarity  +    M - +0 pair of boots Stlth
                                 P - amulet of guardian spirit
HPRegen 0.37/turn                e - ring of willpower
MPRegen 0.14/turn                O - ring of Borghiont {Fire Str+2 Int+2 Slay+2}

@: very slow
A: small, no large weapons, nightstalker 3, clarity, robust 1, subdued magic 1
a: Renounce Religion, Wall Jump, Serpent's Lash, Heavenly Storm


You were on level 5 of the Lair of Beasts.
You worshipped Wu Jian.
Wu Jian was exalted by your worship.
You visited 3 branches of the dungeon, and saw 15 of its levels.
You also visited: Ice Cave.

You collected 1000 gold pieces.
You spent 56 gold pieces at shops.

Inventory:

Hand Weapons
 a - a +2 spectral lajatang (weapon)
 b - a +2 spectral quarterstaff
Missiles
 w - 3 throwing nets
Armour
 g - the +15 crystal plate armour of the Untouchables (worn) {rPois rC- Str+6}
   (You acquired it on level 2 of the Dungeon)

   Str:       It affects your strength (+6).
   rC:        It makes you vulnerable to cold.
   rPois:     It protects you from poison.
 r - a +1 hat of willpower (worn)
 u - a +1 pair of gloves (worn)
 M - a +0 pair of boots (worn)
 W - a +1 plate armour of cold resistance
Jewellery
 e - a ring of willpower (left hand)
 i - a +6 ring of strength
 N - a ring of flight
 O - the ring of Borghiont (right hand) {Fire Str+2 Int+2 Slay+2}
   (You found it in an ice cave)

   [ring of fire]

   It enhances your fire magic.
   Str:       It affects your strength (+2).
   Int:       It affects your intelligence (+2).
   Slay:      It affects your accuracy & damage with ranged weapons and melee
   (+2).
   rF:        It protects you from fire.
   rC:        It makes you vulnerable to cold.
 P - an amulet of guardian spirit (around neck)
 R - a +6 ring of dexterity
 V - a ring of poison resistance
Wands
 c - a wand of charming (7)
 h - a wand of mindburst (12)
 l - a wand of flame (27)
 y - a wand of roots (8)
 H - a wand of polymorph (3)
 J - a wand of acid (1)
Scrolls
 d - 2 scrolls of poison
 q - a scroll of fear
 s - 8 scrolls of teleportation
 v - a scroll of enchant armour
 G - a scroll of silence {unknown}
 I - a scroll of magic mapping
 K - a scroll of amnesia
 T - a scroll of torment {unknown}
 Y - 5 scrolls of identify
Potions
 f - 9 potions of curing
 j - 2 potions of lignification
 m - 2 potions of flight
 n - 4 potions of brilliance
 p - 2 potions of magic
 A - 2 potions of haste
 B - 2 potions of attraction {unknown}
 C - a potion of invisibility
 D - 3 potions of cancellation
 L - 4 potions of might
 Q - a potion of resistance {unknown}
 S - 2 potions of degeneration {unknown}
 X - 2 potions of ambrosia
Miscellaneous
 k - a phial of floods
 Z - a box of beasts


   Skills:
 - Level 12.0 Fighting
 - Level 14.0 Staves
 - Level 8.0 Ranged Weapons
 - Level 12.0 Armour
 - Level 6.0 Dodging
 - Level 3.0 Stealth
 + Level 12.6 Evocations


You had 14 spell levels left.
You didn't know any spells.
Your spell library contained the following spells:

 Spells                   Type           Power      Damage    Failure   Level
 Cigotuvi's Dreadful Rot  Necr/Pois/Air  0%         N/A       100%        2
 Poisonous Vapours        Pois/Air       0%         N/A       100%        2
 Frozen Ramparts          Ice            0%         1d1       100%        3
 Mephitic Cloud           Conj/Pois/Air  0%         N/A       100%        3
 Vhi's Electric Charge    Tloc/Air       0%         N/A       100%        3
 Ice Form                 Ice/Tmut       0%         N/A       100%        4
 Passage of Golubria      Tloc           0%         N/A       100%        4
 Summon Ice Beast         Ice/Summ       0%         N/A       100%        4
 Arcjolt                  Conj/Air       0%         1d10      100%        5
 Silence                  Hex/Air        0%         N/A       100%        5
 Summon Mana Viper        Hex/Summ       0%         N/A       100%        5
 Monstrous Menagerie      Summ           0%         N/A       100%        7
 Lehudib's Crystal Spear  Conj/Erth      0%         10d2      100%        8
 Maxwell's Capacitive Co  Air            0%         ∞         100%        8


Dungeon Overview and Level Annotations

Branches:
Dungeon (9/15)             Temple (1/1) D:7            Lair (5/5) D:9
  Swamp (0/4) Lair:3       Spider (0/4) Lair:3        IceCv (visited)
  Slime: Lair:4-5       Orc: D:9-12

Altars:
Ashenzari
Cheibriados
Dithmenos
Elyvilon
Fedhas
Gozag
Hepliaklqana
Makhleb
Nemelex Xobeh
Okawaru
Qazlal
Ru
Sif Muna
Trog
Uskayaw
Vehumet
Wu Jian
Xom
Yredelemnul
Zin
The Shining One

Shops:
D:3 (   D:4 *


Innate Abilities, Weirdness & Mutations

You are small and have problems with some larger weapons.
You are completely attuned to the shadows.
You possess an exceptional clarity of mind.
You are robust. (+10% HP)
Your spells are a little easier to cast, but a little less powerful.


Message History

Your +2 spectral lajatang hits the death yak!
You slice the death yak!!
You kill the death yak!
The Council accepts your kill.
You slice the death yak!!
The death yak is moderately wounded.
Your +2 spectral lajatang hits the death yak!!
The death yak gores you. The death yak gores you!
You swap places.
You spin and attack the death yak.
You slash the death yak!
The death yak is severely wounded.
Your +2 spectral lajatang hits the death yak!!
The death yak gores your +2 spectral lajatang!!
Your spectral weapon shares its damage with you!
* * * LOW HITPOINT WARNING * * *
The death yak gores you but does no damage.
The death yak attacks as you move away! The death yak gores you!
* * * LOW HITPOINT WARNING * * *
The death yak snorts and paws the ground.
You barely miss the death yak.
The death yak is almost dead.
Your +2 spectral lajatang hits the death yak!!
You kill the death yak!
The Council accepts your kill.
You enter the shallow water.
Moving in this stuff is going to be slow.
The death yak gores you but does no damage.
The death yak attacks as you move away! The death yak gores you.
* * * LOW HITPOINT WARNING * * *
The death yak closely misses you. The death yak attacks as you move away!
The death yak gores you but does no damage.
The death yak attacks as you move away!
The death yak gores you but does no damage.
The death yak gores you!
* * * LOW HITPOINT WARNING * * *
The death yak gores you but does no damage.
The death yak attacks as you move away!
The death yak gores you but does no damage. x3
The death yak gores you!
You die...

#....## .##.#[..... #.....#
.#.......... ###†...#
.....##....# #....#.#
#....##..#.# ##.......##
#....#.##### #P........#
###.....##~#
##.........###.###..###.~
###.~........Y#~.~~#...#P..~~
#..~.~....~.@Y~.Y.~~~.~~.~~.~
##†#~~H##~~##YY~#~~##~~##~~~#
#####.~~~~##~
#~~Y~~~##~~~#~~~#
##..P~~~k~~~~
P~~~P~~~~~~~~~~†~~~
#.....t~H~~~.
~~~.~~~~~~~~~~~†~~~
P....#.##~###
##~############†~#~ ....##.#
~# ⌠~ #.~~#~## ....##.~ ~~ #.
~~~~#~~.~~~~ ..#.##.~~~#~~
#~~ ~~~~#~~~~~~~


You could see 5 death yaks and a yak.

Vanquished Creatures
  Gastronok (D:9)
  The ghost of PyroL the Frost Mage, a journeyman DrIE of Vehumet (Lair:4)
  A dire elephant (Lair:5)
  5 hydras
  Erica (D:9)
  A merfolk avatar (Lair:5)
  A two-headed ogre (D:9)
  A catoblepas (Lair:3)
  19 death yaks
  A bog body (Lair:3)
  2 sea snakes (Lair:5)
  Pikel (D:6)
  A harpy (Lair:5)
  An ugly thing (IceCv)
  An oklob plant (Lair:2)
  19 elephants
  3 manticores (Lair:5)
  7 black mambas
  2 torpor snails
  2 ice statues (IceCv)
  3 rime drakes
  13 cane toads
  The ghost of Newt the Chucker, a novice DsGl (D:4)
  A freezing wraith (IceCv)
  7 komodo dragons
  2 ice devils (Lair:2)
  A queen bee (Lair:3)
  The ghost of Crabhammer the Cudgeller, an amateur BaFi (D:4)
  A hornet (Lair:5)
  3 polar bears
  Prince Ribbit (D:9)
  16 blink frogs
  A snapping turtle (Lair:5)
  9 dream sheep
  The ghost of olddryhag the Insei, an amateur OpTm (D:4)
  Sigmund (D:6)
  2 unseen horror simulacra (D:8)
  7 wyverns
  The ghost of bmack86 the Shield-Bearer, an amateur MiFi (D:4)
  A wraith (D:9)
  37 yaks
  2 basilisks
  2 redbacks (Lair:3)
  5 steam dragons
  Menkaure (D:6)
  A harpy simulacrum (IceCv)
  6 vampire mosquitoes (Lair:2)
  3 swamp worms (Lair:3)
  15 water moccasins
  A hornet zombie (D:7)
  A swamp drake (Lair:2)
  2 ice beasts
  3 orc warriors
  4 black bears
  2 sky beasts (D:7)
  5 wolves
  An ogre (D:5)
  A phantom (D:4)
  A wyvern zombie (D:7)
  4 bullfrogs
  A gnoll sergeant (D:9)
  2 necrophages
  A scorpion (D:4)
  13 wights
  An elephant simulacrum (IceCv)
  23 killer bees
  3 electric eels
  4 howler monkeys (D:8)
  2 centaur zombies (D:7)
  3 jellies
  A wyvern simulacrum (D:8)
  6 hounds
  4 orc priests
  2 gnoll boudas
  Terence (D:2)
  An iguana (D:5)
  Natasha (thrice) (D:2)
  7 orc wizards
  6 hell rats (Lair:5)
  A wolf simulacrum (IceCv)
  A howler monkey zombie (D:7)
  3 killer bee simulacra (D:8)
  6 adders
  18 gnolls
  2 shadow imps
  4 white imps
  An ufetubus (D:4)
  A dart slug (D:5)
  20 orcs
  5 endoplasms
  A giant cockroach (D:1)
  2 goblins (D:2)
  3 hobgoblins (D:1)
  5 jackals
  6 quokkas
  4 ball pythons
  6 bats
  A frilled lizard (D:3)
  6 kobolds
  7 rats
428 creatures vanquished.

Vanquished Creatures (others)
  34 fungi
  67 plants
  A withered plant (D:4)
102 creatures vanquished.

Grand Total: 530 creatures vanquished

Notes
Turn   | Place    | Note
-------+----------+-------------------------------------------
     0 | D:1      | Newt the Kobold Hunter began the quest for the Orb.
     0 | D:1      | Reached XP level 1. HP: 12/12 MP: 1/1
   161 | D:1      | Reached XP level 2. HP: 15/17 MP: 2/2
   603 | D:1      | Reached XP level 3. HP: 21/21 MP: 3/3
   654 | D:2      | Noticed Natasha
   810 | D:2      | Killed Natasha
   811 | D:2      | Reached XP level 4. HP: 24/26 MP: 4/4
   898 | D:2      | Identified a scroll of acquirement
   898 | D:2      | Acquired the +15 crystal plate armour of the Untouchables
                  | {rPois rC- Str+6}
   945 | D:2      | Noticed Natasha
   960 | D:2      | Killed Natasha
  1128 | D:2      | Noticed Natasha
  1132 | D:2      | Killed Natasha
  1133 | D:2      | Reached XP level 5. HP: 30/30 MP: 5/5
  1258 | D:2      | Noticed Terence
  1275 | D:2      | Killed Terence
  1276 | D:2      | Reached skill level 1 in Armour
  1278 | D:2      | Identified the +2 trident of the Lettuce {freeze, rN+
                  | Str+2}
  1760 | D:3      | Reached XP level 6. HP: 35/35 MP: 6/6
  1803 | D:3      | Found Beor's Weapon Shoppe.
  2739 | D:4      | Reached XP level 7. HP: 40/40 MP: 7/7
  2758 | D:4      | Found Dipiept's General Store.
  2764 | D:4      | Bought 2 scrolls of identify for 56 gold pieces
  2832 | D:4      | Found a runed translucent gate.
  2832 | D:4      | Found a runed translucent gate.
  2832 | D:4      | Found a runed translucent gate.
  2835 | D:4      | Noticed bmack86's ghost (amateur MiFi)
  2835 | D:4      | Noticed olddryhag's ghost (amateur OpTm)
  2838 | D:4      | Noticed Newt's ghost (novice DsGl)
  2985 | D:4      | Noticed Crabhammer's ghost (amateur BaFi)
  3028 | D:4      | Killed bmack86's ghost
  3057 | D:4      | Killed Newt's ghost
  3058 | D:4      | Reached skill level 5 in Armour
  3058 | D:4      | Reached XP level 8. HP: 31/44 MP: 1/8
  3063 | D:4      | Killed olddryhag's ghost
  3064 | D:4      | Reached skill level 2 in Staves
  3074 | D:4      | Killed Crabhammer's ghost
  3075 | D:4      | Reached skill level 3 in Staves
  3205 | D:5      | Entered Level 5 of the Dungeon
  3208 | D:5      | Reached skill level 4 in Staves
  3425 | D:5      | Reached XP level 9. HP: 48/48 MP: 9/9
  3462 | D:5      | Reached skill level 5 in Staves
  3664 | D:5      | Reached skill level 6 in Staves
  4313 | D:6      | Acquired a +1 spectral lajatang
  4778 | D:6      | Noticed Sigmund
  4782 | D:6      | Killed Sigmund
  4857 | D:6      | Found a shimmering blue altar of Sif Muna.
  4868 | D:6      | Noticed Menkaure
  4870 | D:6      | Killed Menkaure
  5108 | D:6      | Noticed Pikel
  5116 | D:6      | Killed Pikel
  5117 | D:6      | Reached XP level 10. HP: 51/53 MP: 10/10
  5947 | D:7      | Found a staircase to the Ecumenical Temple.
  5964 | Temple   | Entered the Ecumenical Temple
  6493 | Temple   | Became a worshipper of the Wu Jian Council
  6888 | D:7      | Reached skill level 10 in Armour
  6896 | D:7      | Gained mutation: Your spells are a little easier to cast,
                  | but a little less powerful. [potion of mutation]
  6896 | D:7      | Gained mutation: You possess an exceptional clarity of
                  | mind. [potion of mutation]
  6896 | D:7      | Gained mutation: You are robust. (+10% HP) [potion of
                  | mutation]
  7343 | D:8      | Reached * piety under Wu Jian
  7668 | D:8      | Reached XP level 11. HP: 45/62 MP: 11/11
  8101 | D:8      | Reached ** piety under Wu Jian
  8364 | D:9      | Noticed a two-headed ogre
  8368 | D:9      | Killed a two-headed ogre
  8546 | D:9      | Found a staircase to the Lair.
  8549 | D:9      | Noticed a death yak
  8550 | D:9      | Noticed a death yak
  8550 | D:9      | Noticed a death yak
  8550 | D:9      | Noticed a death yak
  8570 | D:9      | Killed a death yak
  8571 | D:9      | Reached skill level 5 in Fighting
  8571 | D:9      | Noticed a death yak
  8573 | D:9      | Killed a death yak
  8573 | D:9      | Noticed a death yak
  8574 | D:9      | Noticed a death yak
  8575 | D:9      | Noticed a death yak
  8577 | D:9      | Killed a death yak
  8584 | D:9      | Killed a death yak
  8588 | D:9      | Killed a death yak
  8592 | D:9      | Killed a death yak
  8593 | D:9      | Reached XP level 12. HP: 28/80 MP: 4/12
  8596 | D:9      | Killed a death yak
  8597 | D:9      | Reached skill level 7 in Staves
  8603 | D:9      | Killed a death yak
  8635 | D:9      | Noticed Prince Ribbit
  8650 | D:9      | Killed Prince Ribbit
  8651 | D:9      | Reached skill level 8 in Staves
  8923 | D:9      | Noticed Erica
  8927 | D:9      | Killed Erica
  8936 | D:9      | Noticed Gastronok
  8943 | D:9      | Killed Gastronok
  8944 | D:9      | Reached skill level 9 in Staves
  9149 | D:9      | Reached *** piety under Wu Jian
  9369 | Lair:1   | Entered Level 1 of the Lair of Beasts
  9698 | Lair:1   | Reached skill level 10 in Staves
  9843 | Lair:1   | Reached skill level 5 in Dodging
  9856 | Lair:1   | Reached skill level 1 in Evocations
 10331 | Lair:1   | Reached XP level 13. HP: 85/85 MP: 13/13
 10363 | Lair:1   | Identified the +1 robe of the Cuttlefish {Dex+4}
 10661 | Lair:2   | Reached skill level 5 in Evocations
 10665 | Lair:2   | Found a frozen archway.
 10671 | IceCv    | Entered an ice cave
 10754 | IceCv    | Found a transporter.
 10943 | IceCv    | Found a transporter.
 10947 | IceCv    | Reached **** piety under Wu Jian
 10949 | IceCv    | Identified the ring of Borghiont {Fire Str+2 Int+2 Slay+2}
 11204 | Lair:2   | Noticed a four-headed hydra
 11211 | Lair:2   | Killed a 12-headed hydra
 11545 | Lair:2   | Reached skill level 10 in Evocations
 12269 | Lair:3   | Found a staircase to the Swamp.
 12338 | Lair:3   | Reached skill level 11 in Staves
 12474 | Lair:3   | Reached ***** piety under Wu Jian
 12530 | Lair:3   | Noticed a catoblepas
 12535 | Lair:3   | Killed a catoblepas
 12579 | Lair:3   | Found a hole to the Spider Nest.
 13054 | Lair:4   | Noticed a five-headed hydra
 13063 | Lair:4   | Killed a 16-headed hydra
 13473 | Lair:4   | Reached XP level 14. HP: 92/92 MP: 14/14
 13504 | Lair:4   | Reached skill level 12 in Staves
 13845 | Lair:4   | Reached skill level 13 in Staves
 14090 | Lair:4   | Found a runed translucent gate.
 14092 | Lair:4   | Found a runed translucent gate.
 14092 | Lair:4   | Noticed PyroL's ghost (journeyman DrIE)
 14156 | Lair:4   | Found a runed translucent gate.
 15027 | Lair:4   | Killed PyroL's ghost
 15254 | Lair:4   | Identified the +6 scimitar "Xiseenni" {heavy, Int+4}
 15290 | Lair:5   | Entered Level 5 of the Lair of Beasts
 15303 | Lair:5   | Noticed a dire elephant
 15310 | Lair:5   | Killed a dire elephant
 15372 | Lair:5   | Reached skill level 14 in Staves
 15383 | Lair:5   | HP: 4/92 [death yak (9)]
 15630 | Lair:5   | Reached skill level 10 in Fighting
 15954 | Lair:5   | Reached XP level 15. HP: 103/103 MP: 15/15
 16293 | Lair:5   | Reached ****** piety under Wu Jian
 16316 | Lair:5   | HP: 2/105 [seven-headed hydra (6)]
 16597 | Lair:5   | Identified the +0 scale mail "Umat" {Int+2}
 16794 | Lair:5   | Slain by a death yak

Illustrated notes

Levels and vault maps discovered:
D:1:      minmay_arrival_jagged, layout_loops_cross
D:2:      layout_rooms, uniq_natasha, uniq_terence
D:3:      layout_loops_corners, serial_shops, shop
D:4:      layout_gridville, gammafunk_ghost_cemetery, serial_shops,
          nicolae_shop_temple_entry_statues_fountains
D:5:      layout_layer_cave, minivault_19
D:6:      layout_basic, mainiacjoe_overflow_paths, uniq_sigmund, uniq_pikel,
          uniq_menkaure
D:7:      layout_layer_cave, minmay_temple_entry_glassed_door, serial_undead,
          serial_undead_a, serial_undead_f, serial_undead_f, serial_undead_f
D:8:      layout_basic, serial_ice, serial_ice_g, serial_ice_n, serial_ice_a,
          serial_ice_o
D:9:      layout_rooms, dpeg_lair_monsters, hangedman_decor_lopped, uniq_erica,
          uniq_gastronok, uniq_prince_ribbit1
Temple:   mainiacjoe_temple_big_plus
Lair:1:   layout_gridlike, dreamdust_gnoll_shepherd
Lair:2:   layout_roguey, portal_ice_cave_demonic_guard,
          chequers_serial_rivers_micro_e, pond
Lair:3:   layout_small_grid, nicolae_swamp_entry_splash_gauntlet,
          spider_nest_entry_webs, special_room [special_room_bee],
          lemuel_fruit_tree, grunt_megastairs_5
Lair:4:   layout_regular_city, gammafunk_ghost_hydra_chop, serial_bayou_shore_b
Lair:5:   gammafunk_lair_ancient_temple, layout_cave_pods, slime_entry_2

Skill      XL: |  1  2  3  4  5  6  7  8  9 10 11 12 13 14 15 |
---------------+----------------------------------------------+-----
Stealth        | 2 3 |  3.0
Ranged Weapons | 6 7 8 |  8.0
Armour         | 1 3 5 6 8 11 12 | 12.0
Staves         | 4 6 10 11 14 | 14.0
Fighting       | 8 11 12 | 12.0
Dodging        | 6 |  6.0
Evocations     | 3 10 12 | 12.6

Action                   |  1- 3 |  4- 6 |  7- 9 | 10-12 | 13-15 || total
-------------------------+-------+-------+-------+-------+-------++-------
Melee: Trident           |       |    27 |       |       |       ||    27
       Quarterstaff      |       |    19 |   109 |       |    19 ||   147
       Lajatang          |       |       |    19 |   293 |   607 ||   919
 Fire: Shortbow          |    60 |    54 |       |       |       ||   114
Invok: Lunge             |       |       |       |    26 |    32 ||    58
       Whirlwind         |       |       |       |     7 |    40 ||    47
 Abil: Wall Jump         |       |       |       |       |     1 ||     1
Evoke: Wand              |       |       |       |       |     1 ||     1
  Use: Scroll            |       |     5 |     7 |     6 |     7 ||    25
       Potion            |       |     1 |     7 |     2 |     5 ||    15
 Stab: Distracted        |       |       |     1 |     2 |     7 ||    10
Armor: Leather armour    |     5 |       |       |       |       ||     5
       Crystal plate arm |       |   132 |    79 |   193 |   683 ||  1087
       Skin              |       |       |    16 |       |       ||    16
       Plate armour      |       |       |       |       |    13 ||    13
Dodge: Dodged            |    32 |    13 |    15 |    53 |   307 ||   420

Table legend: (Time is in decaauts)
 A = Elapsed time spent in this place.
 B = Non-inter-level travel time spent in this place.
 C = Inter-level travel time spent in this place.
 D = Time resting spent in this place.
 E = Time spent auto-exploring this place.
 F = Levels seen in this place.
 G = Mean time per level.
                   A        B        C        D        E       F      G
               +--------+--------+--------+--------+--------+-----+--------+
         Total |  16845 |  16340 |    505 |   3182 |  10719 |  16 | 1052.8 |
       Dungeon |   8923 |   8617 |    306 |   1099 |   6313 |   9 |  991.4 |
        Temple |    551 |    487 |     64 |      0 |    474 |   1 |  551.0 |
          Lair |   7050 |   6915 |    135 |   1881 |   3919 |   5 | 1410.0 |
      Ice Cave |    319 |    319 |      0 |    202 |     13 |   1 |  319.0 |
               +--------+--------+--------+--------+--------+-----+--------+

Top non-repeatable levels by time:
  Lair:4: 1928 daAuts
  Lair:5: 1490 daAuts
  Lair:3: 1444 daAuts
     D:7: 1296 daAuts
  Lair:1: 1221 daAuts
     D:6: 1124 daAuts
     D:5: 1102 daAuts
     D:8: 1059 daAuts
     D:9: 1054 daAuts
     D:3: 994 daAuts
  Lair:2: 965 daAuts
     D:2: 916 daAuts
     D:1: 817 daAuts
     D:4: 558 daAuts
  Temple: 551 daAuts
